 Dungeon Crawl Stone Soup version 0.32-a0-391-gce5c0aab1b (webtiles) character file.

Game seed: 7912336623983152943

59 ytrimaz the Trooper (level 4, -7/37 HPs)
             Began as a Coglin Fighter on Feb 19, 2024.
             Mangled by a gnoll
             ... wielding a +0 halberd of venom
              (10 damage)
             ... on level 2 of the Dungeon.
             The game lasted 00:00:46 (939 turns).

ytrimaz the Trooper (Coglin Fighter)                 Turns: 939, Time: 00:00:47

Health: -7/37      AC:  6    Str: 18    XL:     4   Next: 3%
Magic:  4/4        EV:  9    Int:  8    God:
Gold:   93         SH:  0    Dex: 13    Spells: 3/3 levels left

rFire   . . .        a - +0 war axe {MarΓ­a}
rCold   . . .        h - +2 dagger (freeze) {Ruka}
rNeg    . . .        b - +0 scale mail
rPois   .            (no helmet)
rElec   .            (no cloak)
rCorr   .            (no gloves)
SInv    .            (no boots)
Will    .....        (no amulet) Stlth
                     (no ring)
HPRegen 0.26/turn    (no ring)
MPRegen 0.09/turn

%: no passive effects
@: mighty, lethally poisoned (-7 -> -23), revving, stiff-legged, very slow
A: off-hand wielding, slow wielding, warmup strikes, warmup strides
a: no special abilities


You were on level 2 of the Dungeon.
You visited 1 branch of the dungeon, and saw 2 of its levels.

You collected 93 gold pieces.


Innate Abilities, Weirdness & Mutations

You can wield a second weapon in your off-hand.
It takes a long time for you to wield or remove held weapons.
Your first few attacks do less damage.
Your first movements take longer.


   Skills:
 + Level 3.7 Fighting
 + Level 2.8 Axes
 + Level 3.3 Armour
 - Level 2.1 Shields


You had 3 spell levels left.
You didn't know any spells.
Your spell library contained the following spells:

 Spells                   Type           Power      Damage    Failure   Level
 Apportation              Tloc           0%         N/A       80%         1
 Necrotise                Necr           0%         1d4       80%         1
 Sting                    Conj/Alch      0%         1d3       80%         1
 Summon Small Mammal      Summ           0%         N/A       80%         1

Inventory:

Hand Weapons
 a - a +0 war axe (weapon) {MarΓ­a}
 h - a +2 dagger of freezing (worn) {Ruka}
   (You took it off a kobold on level 1 of the Dungeon)
Armour
 b - a +0 scale mail (worn)
 c - a +0 buckler
Jewellery
 f - a ring of fire
   (You found it on level 1 of the Dungeon)
Scrolls
 e - a scroll of teleportation {unknown}
 g - a scroll of torment {unknown}
 i - a scroll of enchant weapon {unknown}
 j - 3 scrolls of poison {unknown}
 k - 2 scrolls of identify {unknown}

Dungeon Overview and Level Annotations

Branches:
Dungeon (2/15) Zot: 11009

Altars:
Gozag

#########.....####+###
#........#####.##
#.......##...##....
#..####.†.[)..#.....
#.##..###%...?#....#
#.#....##..!$.#..###
#.#..$.g#'..?##....
..##..##.#####.###.
#..#####@#....##
#.....##g##.###
.###.#(..#.# #.##)##.#
....###..# ##.......##
##....### ######


You could see a gnoll and a goblin.


Message History

You barely miss the rat with your +2 dagger of freezing.
You slash the rat with your +0 war axe!
You kill the rat!
Unknown command.
The endoplasm quivers.
There is an open door here.
Things that are here:
a hobgoblin corpse; a hobgoblin corpse You see here a beast talisman. 😎 HP[+1]
Your hp is fully restored (29).
No reachable target in view!
Unknown command.
No reachable target in view!
No reachable target in view!
Unknown command.
k - 2 scrolls labelled BOF MIURIER (gained 1)
You open the door.
The adder hisses angrily.
There is an open door here.
You open the door.
Unknown command.
You slash the endoplasm with your +0 war axe!
You kill the endoplasm!
You open the door. The endoplasm barely misses you.
You hit the adder with your +2 dagger of freezing.
The adder seems to slow down.
You freeze the adder.
You slash the adder with your +0 war axe!
You kill the adder!
You completely miss the endoplasm with your +0 war axe.
The endoplasm freezes you.
You are frozen. πŸ˜• HP[-3]
You now have 30 max hp (+1).
You take 3 damage, and now have 26/30 hp.
Unknown command.
You hit the endoplasm with your +2 dagger of freezing.
You freeze the endoplasm.
You slash the endoplasm with your +0 war axe!
You kill the endoplasm!
You hit the endoplasm but do no damage. The dart slug launches a dart at you.
The slug dart hits you but does no damage.
The endoplasm hits you but does no damage.
The gnoll barely misses you.
You have reached level 4!
You feel clever. πŸ˜• HP[+6] MP[+1]
You now have 37 max hp (+7).
You regained 6 hp, and now have 32/37 hp.
Your mp is fully restored (4).
You hit the endoplasm with your +2 dagger of freezing.
You freeze the endoplasm.
You slash the endoplasm with your +0 war axe!
You kill the endoplasm!
The gnoll barely misses you. πŸ˜• HP[+1]
The gnoll hits you with a +0 halberd of venom!
You are lethally poisoned!
The gnoll hits you with a +0 halberd of venom!
* * * LOW HITPOINT WARNING * * *
You are more poisoned.
There is an open door here. 😨 HP[-18]
You take 18 damage, and now have 15/37 hp.
MASSIVE DAMAGE!! (PAUSE) It was a potion of ambrosia.
You are confused.
You feel invigorated.
* * * LOW HITPOINT WARNING * * *
You feel extremely sick. The gnoll hits you but does no damage.
You are more poisoned.
The dart slug bites you but does no damage. 😨 HP[-5]
You take 5 damage, and now have 10/37 hp.
You feel very mighty all of a sudden.
* * * LOW HITPOINT WARNING * * *
You feel extremely sick.
The gnoll hits you with a +0 halberd of venom.
* * * LOW HITPOINT WARNING * * *
😱 HP[-4]
You take 4 damage, and now have 6/37 hp.
You bump into the translucent rock wall.
* * * LOW HITPOINT WARNING * * *
You feel very sick. The dart slug misses you. The gnoll closely misses you.
Unknown command. 😱 HP[-3]
You take 3 damage, and now have 3/37 hp.
You miss the gnoll with your +2 dagger of freezing.
You slash the gnoll with your +0 war axe!
You slash the dart slug with your +0 war axe!
You kill the dart slug!
You feel less invigorated.
You feel less confused.
* * * LOW HITPOINT WARNING * * *
You feel very sick.
The gnoll hits you with a +0 halberd of venom!
You die...

Skill      XL: |  1  2 |
---------------+-------+-----
Armour         | 3 |  3.3
Fighting       | |  3.7
Axes           | |  2.8
Shields        | |  2.1

Action                     |  1- 3 |  4- 6 || total
---------------------------+-------+-------++-------
  Melee: War axe           |    40 |     2 ||    42
         Dagger            |    21 |     2 ||    23
    Use: Potion            |       |     2 ||     2
 Armour: Scale mail        |    28 |     6 ||    34
  Dodge: Dodged            |    17 |     3 ||    20

Levels and vault maps discovered:
D:1:      dpeg_arrival_signposts, layout_basic, interstate_on_off,
          kennysheep_minor_cross, minmay_tromino_v7
D:2:      minmay_recursive_quarters, layout_basic, basic_altar,
          minmay_joined_circles, uniq_robin

Notes
Turn   | Place    | Note
-------+----------+-------------------------------------------
     0 | D:1      | ytrimaz the Coglin Fighter began the quest for the Orb.
     0 | D:1      | Reached XP level 1. HP: 18/18 MP: 1/1
     0 | D:1      | magus.rc [v1.9.6]
   140 | D:1      | Reached XP level 2. HP: 24/24 MP: 2/2
   163 | D:1      | You pick up a book of Cantrips and begin reading...
   163 | D:1      | You add the spells Sting, Necrotise, Summon Small Mammal
                  | and Apportation to your library.
   227 | D:1      | Reached skill level 3 in Armour
   365 | D:1      | Reached XP level 3. HP: 29/29 MP: 3/3
   872 | D:2      | Found an opulent altar of Gozag.
   934 | D:2      | Reached XP level 4. HP: 32/37 MP: 4/4
   937 | D:2      | HP: 8/37 [poisoned by a gnoll]
   938 | D:2      | HP: 3/37 [poisoned by a gnoll]
   939 | D:2      | Mangled by a gnoll

Vanquished Creatures
  An adder (D:2)
  2 dart slugs
  2 ball pythons
  4 endoplasms
  2 goblins (D:1)
  5 hobgoblins
  3 quokkas (D:1)
  A bat (D:1)
  2 frilled lizards
  5 kobolds
  A rat (D:2)
28 creatures vanquished.

Table legend:
 A = Non-vault XP
 B = Vault XP
 C = Vault XP percentage of total XP
 D = Non-vault monster count
 E = Vault monster count
 F = Vault count percentage of total count
                 A         B        C        D         E       F
            +---------+---------+-------+---------+---------+-------
      Total |      41 |      49 |  54.4 |      15 |      13 |  46.4
            +---------+---------+-------+---------+---------+-------
        D:1 |      36 |       9 |  20.0 |      13 |       3 |  18.8
        D:2 |       5 |      40 |  88.9 |       2 |      10 |  83.3
            +---------+---------+-------+---------+---------+-------

Skill      XL: |  1  2 |
---------------+-------+-----
Armour         | 3 |  3.3
Fighting       | |  3.7
Axes           | |  2.8
Shields        | |  2.1

Action                     |  1- 3 |  4- 6 || total
---------------------------+-------+-------++-------
  Melee: War axe           |    40 |     2 ||    42
         Dagger            |    21 |     2 ||    23
    Use: Potion            |       |     2 ||     2
 Armour: Scale mail        |    28 |     6 ||    34
  Dodge: Dodged            |    17 |     3 ||    20

Illustrated notes

Table legend:
 A = Kills in this place as a percentage of kills in the entire game.
 B = Kills by you in this place as a percentage of kills by you in the entire game.
 C = Kills by friends in this place as a percentage of kills by friends in the entire game.
 D = Other kills in this place as a percentage of other kills in the entire game.
 E = Experience gained in this place as a percentage of experience gained in the entire game.
 F = Experience gained in this place divided by the number of levels of this place that you have seen.
                   A       B       C       D       E      F
               +-------+-------+-------+-------+-------+----------------------
         Total | 100.0 | 100.0 |   N/A |   N/A | 100.0 |  45.0
       Dungeon | 100.0 | 100.0 |   N/A |   N/A | 100.0 |  45.0
               +-------+-------+-------+-------+-------+----------------------

Table legend: (Time is in decaauts)
 A = Elapsed time spent in this place.
 B = Non-inter-level travel time spent in this place.
 C = Inter-level travel time spent in this place.
 D = Time resting spent in this place.
 E = Time spent auto-exploring this place.
 F = Levels seen in this place.
 G = Mean time per level.
                   A        B        C        D        E       F      G
               +--------+--------+--------+--------+--------+-----+--------+
         Total |    989 |    970 |     19 |      0 |    807 |   2 |  494.5 |
       Dungeon |    989 |    970 |     19 |      0 |    807 |   2 |  494.5 |
               +--------+--------+--------+--------+--------+-----+--------+

Top non-repeatable levels by time:
     D:1: 908 daAuts
     D:2: 81 daAuts
